 Dungeon Crawl Stone Soup version 0.29-a0-517-gbdf32494f2 (webtiles) character file.

Game seed: 18210741966762112337

229 ptdevnull the Cudgeller (level 6, -1/62 HPs)
             Began as an Ogre Berserker on May 30, 2022.
             Was a Believer of Trog.
             Slain by an iron imp (7 damage)
             ... summoned by Eustachio
             ... on level 4 of the Dungeon.
             The game lasted 00:06:54 (3588 turns).

ptdevnull the Cudgeller (Ogre Berserker)            Turns: 3588, Time: 00:06:55

Health: -1/62      AC:  3    Str: 24    XL:     6   Next: 3%
Magic:  6/6        EV: 10    Int:  8    God:    Trog [**....]
Gold:   190        SH:  0    Dex: 14    Spells: 5/5 levels left

rFire   . . .      SeeInvis .   a - +0 mace
rCold   . . .      Faith    .   (no shield)
rNeg    . . .      Spirit   .   b - +0 animal skin
rPois   .          Reflect  .   (helmet restricted)
rElec   .          Harm     .   (no cloak)
rCorr   .          Rampage  .   (gloves unavailable)
Will    +....                   (boots unavailable)
Stlth   +.........              (no amulet)
HPRegen 0.20/turn               k - +6 ring of dexterity
MPRegen 0.10/turn               n - ring of willpower

@: on berserk cooldown, hasted and slowed
A: large, unfitting armour, tough skin 1
a: Renounce Religion, Berserk, Trog's Hand


You were on level 4 of the Dungeon.
You worshipped Trog.
Trog was pleased with you.
You visited 1 branch of the dungeon, and saw 4 of its levels.

You collected 190 gold pieces.

Inventory:

Hand Weapons
 a - a +0 mace (weapon)
Armour
 b - a +0 animal skin (worn)
 o - an orb of mayhem
Jewellery
 e - a ring of resist corrosion
 k - a +6 ring of dexterity (left hand)
 n - a ring of willpower (right hand)
Scrolls
 h - a scroll of teleportation
Potions
 d - 4 potions of curing
 j - a potion of haste
 m - 2 potions of ambrosia


   Skills:
 + Level 4.0 Fighting
 * Level 5.9 Maces & Flails
 - Level 2.6 Dodging


You had 5 spell levels left.
You didn't know any spells.
Your spell library was empty.

Dungeon Overview and Level Annotations

Branches:
Dungeon (4/15)
 Temple: D:4-7

Altars:

Shops:
D:3 (

Annotations:
D:4 Eustachio


Innate Abilities, Weirdness & Mutations

You are too large for most types of armour.
You have tough skin. (AC +1)


Message History

The bat barely misses you. x2; The bat hits you but does no damage.
Eustachio hits you with a +0 falchion!
* * * LOW HITPOINT WARNING * * *
An endoplasm comes into view.
The crimson imp hits you.
* * * LOW HITPOINT WARNING * * *
The quokka barely misses you.
You miss Eustachio.
Eustachio is almost dead.
The iron imp disappears in a puff of smoke!
The bat misses you. The bat hits you.
* * * LOW HITPOINT WARNING * * *
The bat hits you but does no damage. The bat closely misses you.
Eustachio casts a spell.
The quokka barely misses you. The crimson imp hits you.
* * * LOW HITPOINT WARNING * * *
A jackal comes into view.
The endoplasm quivers.
The jackal barks!
You hit Eustachio but do no damage.
Eustachio is almost dead.
The crimson imp disappears in a puff of smoke!
The bat hits you but does no damage. The bat hits you.
* * * LOW HITPOINT WARNING * * *
The quokka closely misses you. Eustachio completely misses you.
The bat barely misses you.
A jackal comes into view.
The jackal barks!
You hit Eustachio.
Eustachio is almost dead.
The bat misses you.
The quokka bites you but does no damage.
The quasit barely misses you.
The quasit claws you but does no damage.
The quasit claws you.
* * * LOW HITPOINT WARNING * * *
Eustachio hits you with a +0 falchion.
* * * LOW HITPOINT WARNING * * *
The bat closely misses you. The iron imp hits you!
You die...

### #... #.... .
#./..[ #. #......
#. ##5......
#..### #@bb.....
#.... #@5b....[
#..######5rb....≈
#...).#.'hh.|....
#.###...'.....h..
# ##..#....J..≈
#..#......).
##..#......h.
#...##.......
#.#..##......


You could see Eustachio, an iron imp (summoned), a quasit (summoned), a crimson
imp (summoned), an endoplasm, a quokka, 4 jackals and 4 bats.

Vanquished Creatures
  A necrophage (D:2)
  An orc priest (D:3)
  An orc wizard (D:3)
  5 adders
  2 worms
  3 dart slugs
  An orc (D:3)
  6 ball pythons
  8 endoplasms
  A giant cockroach (D:3)
  A hobgoblin (D:3)
  5 kobolds
  9 bats
  3 frilled lizards
  7 goblins
  5 rats
59 creatures vanquished.

Notes
Turn   | Place    | Note
-------+----------+-------------------------------------------
     0 | D:1      | ptdevnull the Ogre Berserker began the quest for the Orb.
     0 | D:1      | Reached XP level 1. HP: 24/24 MP: 1/1
   126 | D:1      | Reached skill level 3 in Maces & Flails
   131 | D:1      | Reached XP level 2. HP: 29/32 MP: 2/2
   386 | D:1      | Reached ** piety under Trog
   483 | D:1      | Reached XP level 3. HP: 36/39 MP: 3/3
   805 | D:2      | Noticed a necrophage
   816 | D:2      | Killed a necrophage
   817 | D:2      | Reached skill level 4 in Maces & Flails
   817 | D:2      | Reached XP level 4. HP: 19/48 MP: 4/4
  1185 | D:2      | Reached skill level 5 in Maces & Flails
  1325 | D:2      | Reached XP level 5. HP: 19/54 MP: 5/5
  2263 | D:3      | Found a faded altar of an unknown god.
  2691 | D:3      | Found Zolobb's Weapon Shop.
  3233 | D:3      | Reached XP level 6. HP: 57/62 MP: 6/6
  3556 | D:4      | Noticed Eustachio
  3588 | D:4      | Slain by an iron imp

Illustrated notes

Levels and vault maps discovered:
D:1:      roderic_chinese_lattice_arrival, layout_loops_ring
D:2:      layout_loops_ring
D:3:      wander_river, layout_basic, ebering_ecumenical_altar_webs,
          serial_shops, nicolae_shop_window_shopping,
          dreamdust_princess_corridor
D:4:      kennysheep_big_flooded_room, layout_rooms, gup_sewer_entry_glass,
          uniq_eustachio

Skill      XL: |  1  2  3  4 |
---------------+-------------+-----
Maces & Flails | 3 4 5 |  5.9
Fighting       | |  4.0
Dodging        | |  2.6

Action                   |  1- 3 |  4- 6 || total
-------------------------+-------+-------++-------
Melee: Mace              |    60 |   150 ||   210
       Punch             |     1 |     1 ||     2
Invok: Trog's Hand       |       |     2 ||     2
       Berserk           |       |     2 ||     2
  Use: Potion            |       |     4 ||     4
       Scroll            |       |     6 ||     6
 Stab: Sleeping          |       |     1 ||     1
Armor: Animal skin       |    25 |    65 ||    90
Dodge: Dodged            |    20 |   130 ||   150

Table legend: (Time is in decaauts)
 A = Elapsed time spent in this place.
 B = Non-inter-level travel time spent in this place.
 C = Inter-level travel time spent in this place.
 D = Time resting spent in this place.
 E = Time spent auto-exploring this place.
 F = Levels seen in this place.
 G = Mean time per level.
                   A        B        C        D        E       F      G
               +--------+--------+--------+--------+--------+-----+--------+
         Total |   3638 |   3528 |    110 |   1046 |   1928 |   4 |  909.5 |
       Dungeon |   3638 |   3528 |    110 |   1046 |   1928 |   4 |  909.5 |
               +--------+--------+--------+--------+--------+-----+--------+

Top non-repeatable levels by time:
     D:3: 1321 daAuts
     D:2: 1278 daAuts
     D:1: 965 daAuts
     D:4: 72 daAuts
